 Dungeon Crawl Stone Soup version 0.30.1-11-g7821555f0a (webtiles) character file.

Game seed: 4828604579036037767

42977 pkoi the Black Belt (level 13, -1/111 HPs)
             Began as a Red Draconian Monk on Nov 3, 2023.
             Was a High Priest of Makhleb.
             Drowned by a drowned soul (15 damage)
             ... summoned by a merfolk avatar
             ... on level 5 of the Lair of Beasts on Nov 4, 2023.
             The game lasted 00:30:44 (17877 turns).

pkoi the Black Belt (Red Draconian Monk)           Turns: 17877, Time: 00:30:44

Health: -1/111     AC: 15    Str: 14    XL:     13   Next: 88%
Magic:  24/24      EV: 16    Int: 15    God:    Makhleb [*****.]
Gold:   1006       SH:  0    Dex: 14    Spells: 12/12 levels left

rFire   + .          .
                       - Unarmed
rCold   . . .        b - orb {light}
rNeg    . . .        (body armour unavailable)
rPois   +            j - +1 hat "Atiwauj" {Rampage rCorr SInv}
rElec   .            E - +0 cloak
rCorr   +            (no gloves)
SInv    +            g - +0 pair of boots
Will    .....        (no amulet)
Stlth   +            t - +4 ring of protection
HPRegen 0.38/turn    v - ring of poison resistance
MPRegen 0.19/turn

%: rampage
@: short of breath, mesmerised, glowing, very slow
A: breathe fire, AC +8, unfitting armour, fire resistance 1, cold-blooded
a: Breathe Fire, Renounce Religion, Minor Destruction, Lesser Servant of
Makhleb, Major Destruction, Greater Servant of Makhleb


You were on level 5 of the Lair of Beasts.
You worshipped Makhleb.
Makhleb was extremely pleased with you.
You visited 3 branches of the dungeon, and saw 16 of its levels.
You also visited: Sewer.

You collected 1110 gold pieces.
You spent 104 gold pieces at shops.

Inventory:

Hand Weapons
 e - a +0 dagger
 h - a +2 mace of draining
 p - a +4 whip of venom
Missiles
 y - 3 throwing nets
 F - 7 poisoned darts (quivered)
 I - a curare-tipped dart
Armour
 b - an orb of light (worn)
 g - a +0 pair of boots (worn)
 j - the +1 hat "Atiwauj" (worn) {Rampage rCorr SInv}
   (You found it on level 2 of the Dungeon)

   SInv:      It lets you see invisible.
   rCorr:     It protects you from acid and corrosion.
   Rampage:   It bestows one free step when moving towards enemies.
 E - a +0 cloak (worn)
Jewellery
 t - a +4 ring of protection (left hand)
 v - a ring of poison resistance (right hand)
 z - a +6 ring of strength
 G - a ring of magical power
 H - the amulet of Etoegrow {RegenMP +Inv}
   (You found it on level 5 of the Lair of Beasts)

   [amulet of magic regeneration]

   It increases your rate of magic regeneration.
   +Inv:      It lets you turn invisible.
 J - a ring of ice
 K - a ring of wizardry
 L - a ring of positive energy
 M - a +6 ring of dexterity
Wands
 c - a wand of polymorph (14)
 n - a wand of acid (3)
 o - a wand of charming (16)
 A - a wand of flame (18)
Scrolls
 f - 3 scrolls of fog
 i - 6 scrolls of identify
 k - 8 scrolls of teleportation
 r - 5 scrolls of enchant weapon
 u - 5 scrolls of blinking
 B - a scroll of fear
 D - 3 scrolls of amnesia
Potions
 a - a potion of ambrosia
 d - 5 potions of heal wounds
 l - a potion of cancellation
 m - 7 potions of curing
 q - 2 potions of invisibility
 s - 2 potions of flight
 w - 3 potions of brilliance
 x - a potion of magic
 C - 2 potions of resistance


   Skills:
 - Level 9.0 Fighting
 - Level 9.0 Dodging
 - Level 17.1 Unarmed Combat
 + Level 14.9 Invocations
 - Level 3.0 Evocations


You had 12 spell levels left.
You didn't know any spells.
Your spell library contained the following spells:

 Spells                   Type           Power      Damage    Failure   Level
 Vhi's Electric Charge    Tloc/Air       0%         N/A       63%         3
 Arcjolt                  Conj/Air       0%         1d10      100%        5
 Simulacrum               Ice/Necr       0%         N/A       100%        6
 Ozocubu's Refrigeration  Ice            0%         4d7       100%        7
 Maxwell's Capacitive Co  Air            0%         ∞         100%        8
 Polar Vortex             Ice            0%         N/A       100%        9


Dungeon Overview and Level Annotations

Branches:
Dungeon (10/15)            Temple (1/1) D:6            Lair (5/5) D:9
  Swamp (0/4) Lair:2        Snake (0/4) Lair:3        Slime (0/5) Lair:4
  Sewer (visited)
    Orc: D:9-12

Altars:
Ashenzari
Cheibriados
Dithmenos
Elyvilon
Fedhas
Gozag
Hepliaklqana
Kikubaaqudgha
Makhleb
Nemelex Xobeh
Qazlal
Ru
Sif Muna
Trog
Uskayaw
Vehumet
Wu Jian
Xom
Zin
The Shining One
Jiyva

Shops:
D:1 (   D:8 *

Annotations:
D:3 1 runed translucent door, Crazy Yiuf
D:10 Lodul
Lair:3 1 runed translucent door


Innate Abilities, Weirdness & Mutations

You can breathe blasts of fire.
Your fiery red scales are hard. (AC +8)
You cannot fit into any form of body armour.
Your flesh is heat resistant. (rF+)
You are cold-blooded and may be slowed by cold attacks.


Message History

You breathe a blast of fire.
The fiery breath hits the merfolk avatar!
The merfolk avatar is lightly wounded.
The drowned soul touches you. The drowned soul drowns you!
The drowned soul touches you. The drowned soul drowns you!
The merfolk avatar is engulfed in blazing flames.
The merfolk avatar chants its luring song.
Unknown command.
You hit the merfolk avatar but do no damage.
The merfolk avatar is moderately wounded.
Unknown command.
You barely miss the merfolk avatar.
The merfolk avatar is moderately wounded.
The merfolk avatar is engulfed in blazing flames.
The merfolk avatar chants its luring song.
Unknown command.
You punch the merfolk avatar!
You tail-slap the merfolk avatar, but do no damage.
The merfolk avatar is heavily wounded.
The merfolk avatar is engulfed in blazing flames.
Unknown command.
Really walk into that cloud of flame?
Okay, then.
You rampage towards the drowned soul!
You enter the shallow water.
Moving in this stuff is going to be slow.
You completely miss the drowned soul. The drowned soul touches you.
The drowned soul drowns you!
* * * LOW HITPOINT WARNING * * *
The merfolk avatar chants its luring song.
Unknown command.
Your unstable footing causes you to fumble your attack.
The merfolk avatar chants its luring song.
Unknown command.
Your unstable footing causes you to fumble your attack.
Unknown command.
Your unstable footing causes you to fumble your attack.
The drowned soul touches you. The drowned soul drowns you!
* * * LOW HITPOINT WARNING * * *
The drowned soul touches you. The drowned soul drowns you!
You die...

#~~~~......
#############~~~~~..[..
#⌠~~~~~~~~~~⌠~~~##~.....
~~~~.~~~~.~~~#~~##~.....
#~P~#~###~~.~#~~~~~.....
#.~#}!$!~~~~#~~~~......
~~~~}W≈)#~~~#~~~#~.....
~~~#?m≈(#~~~#~P~#~.....
#?☼@/#~~~#~~........
##''##~~~#~P~~......
#~~~~~~~~.~~~#~~##~.....
#⌠~~~~~~~.~~⌠#~~##..#...
#####.~~.##.##~~.~....#.
~~~~~~~~~~.#~~~~..###.
#~#~#.8.~#~~~#~~...~#...
#~.~~~~~~~~~~#~~##~~#...
##~~~#~~~##~##~~~~~.....


You could see a merfolk avatar (mesmerising) and a drowned soul (summoned).

Vanquished Creatures
  Kirke (Lair:3)
  2 hydras
  Fannar (Lair:2)
  2 boulder beetles
  4 skysharks
  2 harpies (Lair:5)
  16 elephants
  6 black mambas
  12 cane toads
  3 rime drakes
  A kobold demonologist (D:10)
  6 komodo dragons
  2 polar bears
  2 hornets
  2 trolls (D:10)
  2 snapping turtles (Lair:5)
  14 blink frogs
  A vampire (D:10)
  44 yaks
  A wraith (D:9)
  7 wyverns
  A basilisk (Lair:3)
  2 steam dragons (Lair:5)
  3 vampire mosquitoes (Lair:2)
  A hog (Lair:2)
  2 acid dragons (D:9)
  6 nagas (Lair:3)
  14 water moccasins
  A sky beast (D:7)
  2 ice beasts
  A black bear (Lair:2)
  5 orc warriors
  4 ogres
  2 centaurs
  11 wolves
  A kobold brigand (D:9)
  20 bullfrogs
  2 gnoll sergeants
  5 scorpions
  4 killer bees (D:9)
  10 wights (D:9)
  An electric eel (D:8)
  2 howler monkeys
  5 hounds
  2 gnoll boudas
  6 orc priests
  2 jellies
  A sleepcap (D:5)
  Terence (D:2)
  6 hell rats
  4 iguanas
  8 orc wizards
  19 gnolls
  7 adders
  4 river rats (Lair:3)
  A shadow imp (D:6)
  2 white imps (D:7)
  2 worms
  3 dart slugs
  46 orcs
  5 endoplasms
  7 giant cockroaches
  8 hobgoblins
  6 jackals
  6 quokkas
  5 ball pythons
  6 bats
  4 frilled lizards
  8 goblins
  8 kobolds
  17 rats
430 creatures vanquished.

Vanquished Creatures (others)
  A human (Lair:4)
1 creature vanquished.

Grand Total: 431 creatures vanquished

Notes
Turn   | Place    | Note
-------+----------+-------------------------------------------
     0 | D:1      | pkoi the Draconian Monk began the quest for the Orb.
     0 | D:1      | Reached XP level 1. HP: 19/19 MP: 1/1
   135 | D:1      | Reached XP level 2. HP: 26/26 MP: 2/2
   372 | D:1      | Reached skill level 4 in Unarmed Combat
   606 | D:1      | Reached XP level 3. HP: 31/31 MP: 3/3
   724 | D:1      | Found Kupall's Antique Weapon Shoppe.
  1075 | D:2      | Noticed Terence
  1095 | D:2      | Killed Terence
  1202 | D:2      | Reached XP level 4. HP: 27/33 MP: 4/4
  1290 | D:2      | Reached skill level 5 in Unarmed Combat
  1293 | D:2      | Identified the +1 hat "Atiwauj" {Rampage rCorr SInv}
  2010 | D:3      | Found a faded altar of an unknown god.
  2095 | D:3      | Found a runed translucent door.
  2096 | D:3      | Noticed Crazy Yiuf
  2223 | D:4      | Noticed an ogre
  2256 | D:3      | Reached skill level 6 in Unarmed Combat
  2256 | D:3      | Reached XP level 5. HP: 20/45 MP: 5/5
  2643 | D:4      | Killed an ogre
  2644 | D:4      | Reached skill level 1 in Evocations
  2644 | D:4      | Reached XP level 6. HP: 16/51 MP: 6/6
  2772 | D:4      | Noticed an angel
  2776 | D:4      | Found a glowing silver altar of Zin.
  2860 | D:5      | Entered Level 5 of the Dungeon
  2931 | D:5      | You fall into a shaft and drop 1 floor!
  3059 | D:5      | Reached skill level 7 in Unarmed Combat
  3121 | D:5      | Your scales start taking on a fiery red colour.
  3121 | D:5      | Reached XP level 7. HP: 32/57 MP: 7/7
  3121 | D:5      | Gained mutation: Your flesh is heat resistant. (rF+) [Red
                  | Draconian growth]
  3126 | D:5      | Found a glowing drain.
  3154 | Sewer    | Entered a sewer
  3338 | D:5      | Reached skill level 14 in Unarmed Combat
  3338 | D:5      | Reached XP level 8. HP: 62/62 MP: 8/8
  3339 | D:5      | Reached skill level 5 in Dodging
  3339 | D:5      | Reached skill level 15 in Unarmed Combat
  3339 | D:5      | Reached XP level 9. HP: 77/77 MP: 9/9
  3532 | D:5      | Found a burning altar of Makhleb.
  3534 | D:5      | Found a sparkling altar of Nemelex Xobeh.
  3535 | D:5      | Found an ornate altar of the Wu Jian Council.
  3535 | D:5      | Found a hide-covered altar of Uskayaw.
  3846 | D:5      | Became a worshipper of Makhleb the Destroyer
  3846 | D:5      | Reached * piety under Makhleb
  3846 | D:5      | Reached ** piety under Makhleb
  3865 | D:6      | Found a broken altar of Ashenzari.
  3874 | D:6      | Found a radiant altar of Vehumet.
  3989 | D:6      | Found a staircase to the Ecumenical Temple.
  4005 | Temple   | Entered the Ecumenical Temple
  4161 | D:6      | Reached skill level 1 in Invocations
  4908 | D:7      | Found a shimmering blue altar of Sif Muna.
  5089 | D:7      | Reached *** piety under Makhleb
  5309 | D:7      | Reached XP level 10. HP: 86/86 MP: 11/11
  5830 | D:8      | Found Jailiuky's General Store.
  5887 | D:8      | Bought a potion of magic for 104 gold pieces
  5938 | D:8      | Found an opulent altar of Gozag.
  5969 | D:8      | Found a white marble altar of Elyvilon.
  7342 | D:9      | Reached **** piety under Makhleb
  7881 | D:9      | Found a staircase to the Lair.
  7890 | D:9      | Reached skill level 5 in Invocations
  8099 | D:10     | Entered Level 10 of the Dungeon
  8108 | D:10     | Noticed an orange demon
  8111 | D:10     | Noticed a soul eater
  8116 | D:10     | Reached XP level 11. HP: 95/95 MP: 14/14
  8119 | D:10     | Paralysed by a hornet for 2 turns
  8831 | D:10     | Noticed Lodul
  9025 | Lair:1   | Entered Level 1 of the Lair of Beasts
  9025 | Lair:1   | Noticed a boulder beetle
  9042 | Lair:1   | Killed a boulder beetle
 10485 | Lair:1   | Reached ***** piety under Makhleb
 10586 | Lair:2   | Noticed Fannar
 10820 | Lair:2   | Killed Fannar
 10957 | Lair:2   | Noticed a skyshark
 10969 | Lair:2   | Killed a skyshark
 10970 | Lair:2   | Reached XP level 12. HP: 76/104 MP: 18/18
 11208 | Lair:2   | Reached skill level 16 in Unarmed Combat
 11254 | Lair:2   | Found a staircase to the Swamp.
 12477 | Lair:3   | Found a runed translucent door.
 12562 | Lair:3   | Reached skill level 10 in Invocations
 12695 | Lair:3   | Found a white marble altar of Elyvilon.
 12899 | Lair:3   | Found a staircase to the Snake Pit.
 13354 | Lair:4   | Noticed Kirke
 13366 | Lair:4   | Noticed a sphinx
 13713 | Lair:3   | Killed Kirke
 13884 | Lair:4   | Found a staircase to the Slime Pits.
 13885 | Lair:4   | Found a viscous altar of Jiyva.
 14073 | Lair:4   | Reached skill level 17 in Unarmed Combat
 14075 | Lair:4   | Reached XP level 13. HP: 111/111 MP: 21/21
 14096 | Lair:4   | Identified the +2 quarterstaff of Xom's Esteem {pain, Drain
                  | Will+++ MP+9 Int+4}
 14653 | Lair:5   | Entered Level 5 of the Lair of Beasts
 14820 | Lair:5   | Paralysed by a hornet for 2 turns
 15784 | Lair:4   | Found a staircase to the Slime Pits.
 15785 | Lair:4   | Found a viscous altar of Jiyva.
 16764 | Lair:5   | Identified the amulet of Etoegrow {RegenMP +Inv}
 17877 | Lair:5   | Drowned by a drowned soul

Illustrated notes

Levels and vault maps discovered:
D:1:      dpeg_arrival_stonehenge_8_columns, layout_basic, serial_aquarium,
          aquarium_bridge_square [aquarium_subvault_wall,
          aquarium_subvault_bridge, aquarium_subvault_wall,
          aquarium_subvault_bridge], aquarium_bridge_square
          [aquarium_subvault_bridge, aquarium_subvault_window,
          aquarium_subvault_wall, aquarium_subvault_bridge],
          aquarium_window_corridor_3, aquarium_window_fake,
          aquarium_window_corner, aquarium_window_fake, aquarium_view_2d,
          aquarium_view_2d, aquarium_pool_side, serial_shops,
          nicolae_shop_rolling_square, patterned_corridor
D:2:      layout_loops_ring, uniq_terence
D:3:      layout_rooms, ebering_ecumenical_altar_ruins, uniq_crazy_yiuf_cottage
D:4:      layout_rooms, zin_angel
D:5:      layout_basic, chequers_temple_overflow_statue_of_worship,
          portal_sewer_entry_c
D:6:      layout_gridville, mainiacjoe_overflow_large_starburst,
          minmay_temple_entry_statues_pillars
D:7:      layout_loops_ring, lemuel_round_altar, nicolae_fountain_basement
D:8:      layout_loops_cross, nicolae_elyvilon_temple_path,
          grunt_gozag_breadcrumbs, serial_shops, shop
D:9:      layout_stronghold, grunt_lair_entry_orc_guard_hut, serial_glass,
          glass_columns_c, glass_columns_a, minmay_strange_pillars,
          due_unseen_surprise
D:10:     layout_long_grid, gammafunk_temple_overflow_statue, uniq_lodul
Temple:   hellmonk_temple_beads
Lair:1:   layout_cave_pods
Lair:2:   layout_loops_ring, minmay_swamp_entry_swarm, st_stairs_12,
          cheibrodos_lair_reptile_den, lemuel_fruit_fields, uniq_fannar
Lair:3:   gammafunk_mikee_crab_dinner, layout_concentric_octagons,
          minmay_snake_entry_guardpost_large, basic_altar,
          kennysheep_abandoned_house
Lair:4:   layout_cave_pods, slime_entry_1, st_stairs_13, uniq_kirke
Lair:5:   gammafunk_lair_ancient_temple, layout_cave_shapes

Skill      XL: |  1  2  3  4  5  6  7  8  9 10 11 12 13 |
---------------+----------------------------------------+-----
Unarmed Combat | 4 6 7 14 15 17 | 17.1
Evocations     | 1 3 |  3.0
Fighting       | 6 7 8 9 |  9.0
Dodging        | 5 6 7 8 9 |  9.0
Invocations    | 2 5 8 10 14 | 14.9

Action                     |  1- 3 |  4- 6 |  7- 9 | 10-12 | 13-15 || total
---------------------------+-------+-------+-------+-------+-------++-------
  Melee: Unarmed           |   118 |   169 |   182 |   806 |   322 ||  1597
         Tailslap          |    13 |    21 |    36 |   160 |    81 ||   311
  Throw: Dart              |       |       |       |       |     4 ||     4
 Invoke: Lesser Servant of |       |       |       |     2 |       ||     2
Ability: Breathe Fire      |       |       |       |    10 |    10 ||    20
  Evoke: Wand              |       |       |       |     5 |       ||     5
    Use: Potion            |     1 |     4 |     2 |     1 |       ||     8
         Scroll            |       |     8 |     5 |     4 |     2 ||    19
 Armour: Skin              |    38 |    48 |    47 |   230 |   103 ||   466
  Dodge: Dodged            |    76 |    97 |    91 |   485 |   203 ||   952
